 Dungeon Crawl Stone Soup version 0.26-a0-652-gafc20e3620 (webtiles) character file.

Game seed: 10170516183237905836

92 GarryLv the Insei (level 4, -6/28 HPs)
             Began as an Octopode Transmuter on Oct 2, 2020.
             Was a Plaything of Xom.
             Mangled by an ogre
             ... wielding a +0 giant club
              (20 damage)
             ... on level 4 of the Dungeon.
             The game lasted 00:16:23 (2402 turns).

GarryLv the Insei (Octopode Transmuter)             Turns: 2402, Time: 00:16:23

Health: -6/28      AC:  1    Str:  9    XL:     4   Next: 60%
Magic:  7/7        EV: 14    Int: 21    God:    Xom [..*...]
Gold:   118        SH:  0    Dex: 13    Spells: 4/7 levels left

rFire    . . .     SeeInvis .     - Unarmed
rCold    . . .     Faith    .   (no shield)
rNeg     . . .     Spirit   .   (helmet restricted)
rPois    .         Reflect  .   (no amulet)
rElec    .         Harm     .   a - +6 ring of intelligence
rCorr    .         Rampage  .   (no ring)
MR       .....                  (no ring)
Stlth    +++.......             (no ring)
HPRegen  0.09/turn              (no ring)
MPRegen  0.10/turn              (no ring)
                                (no ring)
                                (no ring)

@: liquefying, slowed movement, very slow
A: almost no armour, stealthy swim, amphibious, 8 rings, constrict 8, camouflage
1, gelatinous body 1
a: Renounce Religion


You were on level 4 of the Dungeon.
You worshipped Xom.
You were a toy of Xom.
You visited 1 branch of the dungeon, and saw 4 of its levels.

You collected 118 gold pieces.

Inventory:

Hand Weapons
 j - a +1 dagger
Magical Staves
 i - an uncursed staff of air {unknown}
Jewellery
 a - a +6 ring of intelligence (left tentacle)
Scrolls
 b - a scroll of teleportation
 c - a scroll of enchant armour
 k - a scroll of enchant weapon
Potions
 d - a potion of curing {unknown}
 e - 2 potions of might {unknown}
 f - a potion of mutation {unknown}
 g - 2 potions of flight {unknown}


   Skills:
 + Level 1.2 Fighting
 + Level 2.5 Dodging
 + Level 1.8 Stealth
 + Level 4.1 Unarmed Combat
 + Level 2.4 Spellcasting
 + Level 2.2 Transmutations


You had 4 spell levels left.
You knew the following spells:

 Your Spells              Type           Power        Failure   Level
a - Beastly Appendage     Tmut           ##....       5%          1
b - Wereblood             Tmut           ##......     9%          2

Your spell library contained the following spells:

 Spells                   Type           Power        Failure   Level
 Spider Form              Tmut/Pois      #.........   26%         3
 Ice Form                 Ice/Tmut       #.......     65%         4
 Blade Hands              Tmut           ##........   83%         5


Dungeon Overview and Level Annotations

Branches:
Dungeon (4/15)
 Temple: D:4-7

Altars:
Qazlal
Xom


Innate Abilities, Weirdness & Mutations

You cannot wear most types of armour.
You are very stealthy in the water. (Stealth+)
You are amphibious.
You can wear up to eight rings at the same time.
You can use your tentacles to constrict eight enemies at once.
Your skin changes colour to match your surroundings (Stealth+).
Your rubbery body absorbs attacks. (AC +1, EV +1)


Message History

You tentacle-slap the howler monkey skeleton.
You destroy the howler monkey skeleton!
An orc is nearby!
The orc hits you but does no damage.
You barely miss the orc. Your grab misses the orc. Your squeeze misses the orc.
An orc comes into view. It is wielding a -2 hand axe.
You barely miss the orc.
The orc shouts!
You grab the orc. You constrict the orc. Xom's power flows through you!
The ground around you becomes liquefied!
You hear a bark!
The orc barely misses you.
You tentacle-slap the orc but do no damage.
You squeeze the orc!
You kill the orc!
The ogre hits you with a +0 giant club!!
Ouch! That really hurt!
You die...
Xom snickers!

#....#.# #.. .....
##...).# #.. .....
##.†..###..##...
##...##........# #
###..............##### .#
#......#..#...o......#...
###.....#####..........#
#........#
###O).......#≈.
##.......# #...@........#
##.....## ###.......#.##
#...### ##......# ##..#
#.....## #<## ####### ###


You could see an ogre (struggling) and an orc.

Vanquished Creatures
  An orc wizard (D:4)
  A howler monkey skeleton (D:4)
  3 adders
  A leopard gecko (D:2)
  2 orcs (D:4)
  5 bats
  7 hobgoblins
  2 ball pythons
  2 frilled lizards
  A kobold (D:2)
  2 rats
27 creatures vanquished.

Notes
Turn   | Place    | Note
-------+----------+-------------------------------------------
     0 | D:1      | GarryLv the Octopode Transmuter began the quest for the
                  | Orb.
     0 | D:1      | Reached XP level 1. HP: 13/13 MP: 3/3
   538 | D:1      | Reached XP level 2. HP: 17/18 MP: 5/5
   543 | D:1      | Learned a level 2 spell: Wereblood
  1207 | D:2      | Reached XP level 3. HP: 23/23 MP: 6/6
  1386 | D:2      | Found a stormy altar of Qazlal.
  1575 | D:2      | Found a shimmering altar of Xom.
  1704 | D:2      | Became a worshipper of Xom of Chaos
  1895 | D:2      | XOM: silly message
  2156 | D:3      | XOM: divination: detect items
  2166 | D:3      | XOM: potion effect (brilliance)
  2169 | D:3      | XOM: potion effect (curing)
  2189 | D:4      | Reached skill level 1 in Stealth
  2355 | D:4      | Noticed an ogre
  2358 | D:4      | Reached skill level 4 in Unarmed Combat
  2358 | D:4      | Reached XP level 4. HP: 13/28 MP: 7/7
  2400 | D:4      | XOM: cast spell 'Leda's Liquefaction'
  2402 | D:4      | Mangled by an ogre

Illustrated notes

Levels and vault maps discovered:
D:1:      dpeg_arrival_signposts, layout_basic
D:2:      layout_loops_ring, grunt_qazlal_clouds,
          nicolae_overflow_crystal_walls, eino_tiny_chamber
D:3:      layout_loops_cross
D:4:      layout_cave_pools, grunt_temple_overflow_open,
          minmay_temple_entry_large_hall, gup_sewer_entry_spiral, uniq_natasha,
          uniq_robin, uniq_eustachio

Skill      XL: |  1  2  3 |
---------------+----------+-----
Stealth        | 1 |  1.8
Unarmed Combat | 4 |  4.1
Fighting       | |  1.2
Dodging        | |  2.5
Spellcasting   | |  2.4
Transmutations | |  2.2

Action                   |  1- 3 |  4- 6 || total
-------------------------+-------+-------++-------
Melee: Unarmed           |    62 |     8 ||    70
       Constrict         |    19 |     2 ||    21
       Tentacles         |    12 |     1 ||    13
       Punch             |     2 |       ||     2
 Fire: Hunting sling     |     2 |       ||     2
 Cast: Beastly Appendage |     1 |       ||     1
  Use: Scroll            |     7 |     2 ||     9
 Stab: Sleeping          |     3 |       ||     3
Armor: Skin              |     4 |     1 ||     5
Dodge: Dodged            |    54 |     3 ||    57

Table legend: (Time is in decaauts)
 A = Elapsed time spent in this place.
 B = Non-inter-level travel time spent in this place.
 C = Inter-level travel time spent in this place.
 D = Time resting spent in this place.
 E = Time spent auto-exploring this place.
 F = Levels seen in this place.
 G = Mean time per level.
                   A        B        C        D        E       F      G
               +--------+--------+--------+--------+--------+-----+--------+
         Total |   2396 |   2195 |    201 |    534 |      0 |   4 |  599.0 |
       Dungeon |   2396 |   2195 |    201 |    534 |      0 |   4 |  599.0 |
               +--------+--------+--------+--------+--------+-----+--------+

Top non-repeatable levels by time:
     D:2: 1320 daAuts
     D:1: 763 daAuts
     D:4: 228 daAuts
     D:3: 84 daAuts
